 Dungeon Sprint DCSS version 0.20-a0-1078-g4874019 (webtiles) character file.

623 tinyrick the Blocker (level 7, -19/62 HPs)
             Began as a Formicid Fighter on May 1, 2017.
             Was a Follower of Dithmenos.
             Shot with an arrow by a centaur warrior (22 damage)
             ... in the Dungeon (Sprint I: "Red Sonja").
             The game lasted 00:04:18 (925 turns).

tinyrick the Blocker (Formicid Fighter)              Turns: 925, Time: 00:04:18

Health: -19/62     AC:  8    Str: 23    XL:     7   Next: 75%
Magic:  7/7        EV: 10    Int:  7    God:    Dithmenos [*.....]
Gold:   337        SH: 11    Dex: 10    Spells: 6/6 levels left

rFire    . . .     SeeInvis +   a - +0 trident
rCold    . . .     Gourm    .   c - +0 shield
rNeg     . . .     Faith    .   b - +0 scale mail
rPois    .         Spirit   .   (helmet unavailable)
rElec    .         Reflect  .   (no cloak)
rCorr    .         Harm     .   (no gloves)
MR       .....                  (no boots)
Stlth    +++.......             (no amulet)
Regen    0.2/turn               (no ring)
MPRegen  0.1/turn               (no ring)

@: wreathed by umbra
A: permanent stasis, dig shafts and tunnels, four strong arms, antennae 3
a: Dig, Renounce Religion


You were in the Dungeon.
You worshipped Dithmenos.
Dithmenos was aware of your devotion.
You were not hungry.

You visited 1 branch You collected 337 gold pieces.

Inventory:

Hand Weapons
 a - a +0 trident (weapon)
 d - a +0 scythe
Armour
 b - a +0 scale mail (worn)
 c - a +0 shield (worn)
Scrolls
 k - a scroll of blinking
Potions
 h - a potion of haste
 i - 2 potions of magic
 j - a potion of berserk rage
Books
 l - a book of Air

   Spells                             Type                      Level
   a - Shock                          Conjuration/Air              1
   b - Swiftness                      Charms/Air                   2
   c - Static Discharge               Conjuration/Air              3
   d - Airstrike                      Air                          4
   e - Lightning Bolt                 Conjuration/Air              5
Comestibles
 f - a bread ration


   Skills:
 + Level 8.2 Fighting
 * Level 7.9 Polearms
 + Level 8.5 Armour
 + Level 1.0 Dodging
 * Level 8.2 Stealth
 + Level 9.1 Shields


You had 6 spell levels left.
You didn't know any spells.

Dungeon Overview and Level Annotations

Branches:
Dungeon (1/1)

Altars:
Cheibriados
Dithmenos
Elyvilon
Fedhas
Gozag
Hepliaklqana
Kikubaaqudgha
Makhleb
Nemelex Xobeh
Okawaru
Qazlal
Ru
Sif Muna
Trog
Uskayaw
Vehumet
Wu Jian
Xom
Yredelemnul
Zin
The Shining One
Jiyva
Lugonu

Shops:
D !


Innate Abilities, Weirdness & Mutations

You cannot be hasted, slowed, berserked, paralysed or teleported.
You can dig through walls and to a lower floor.
Your four strong arms can wield two-handed weapons with a shield.
You have a pair of large antennae on your head. (SInv)


Message History

You see here an arrow.
You open the door.
The centaur warrior unwields an uncursed longbow.
The centaur warrior hits you but does no damage.
Found 135 gold pieces.
A deep troll comes into view.
The centaur warrior hits you but does no damage.
There is an open door here.
The centaur warrior wields an uncursed longbow.
The centaur warrior shoots an arrow.
You block the arrow.
Things that are here:
an arrow; 27 gold pieces The centaur warrior shoots an arrow.
The arrow hits you!
* * * LOW HITPOINT WARNING * * *
Things that are here:
an arrow; 27 gold pieces You extend your mandibles.
You dig through the rock wall.
The centaur warrior shoots an arrow.
The arrow hits you!!
You die...

######################*****
#<.#..+..#..'..#__#..+,,{*,
#..[..#..[..#..'..'..#,{,**
#..#####)#@###'#__####{,,+{
#..####..#$($#.####§§#****{
#..#__#.##$(##.#≈§§§§#,,**+
#..#_____##'#_.+§§§§§+,{*,,
#⌠⌠#_.∩...'.c(_#§§≈§§#,,*,,
#.#._..__##_.#{##+##§#*+***
#..#_____###+#.T..c(##*{+,*
##########**,####'###,***,*
*∩,,,,,,,,+,,,+,,,$$+,∩**,*


You could see a centaur warrior.

Vanquished Creatures
  A slime creature (D)
  Sigmund (D)
  A yak (D)
  An ogre (D)
  A jelly (D)
  Ijyb (D)
6 creatures vanquished.

Vanquished Creatures (others)
  A gargoyle (D)
1 creature vanquished.

Grand Total: 7 creatures vanquished

Notes
Turn   | Place    | Note
-------+----------+-------------------------------------------
     0 | D        | tinyrick the Formicid Fighter began the quest for the Orb.
     0 | D        | Reached XP level 1. HP: 18/18 MP: 1/1
     2 | D        | Noticed Ijyb
     7 | D        | Killed Ijyb
     7 | D        | Reached skill level 4 in Shields
     7 | D        | Reached XP level 2. HP: 26/26 MP: 2/2
     7 | D        | Reached XP level 3. HP: 31/31 MP: 3/3
    20 | D        | Found a basalt altar of Yredelemnul.
    20 | D        | Found a hide-covered altar of Uskayaw.
    20 | D        | Found a hazy altar of Hepliaklqana.
    20 | D        | Found a shadowy altar of Dithmenos.
    20 | D        | Found an ancient bone altar of Kikubaaqudgha.
    20 | D        | Found a sacrificial altar of Ru.
    20 | D        | Found a snail-covered altar of Cheibriados.
    20 | D        | Found Ysoeshro's Distillery.
    20 | D        | Found an opulent altar of Gozag.
    20 | D        | Found a sparkling altar of Nemelex Xobeh.
    20 | D        | Found a glowing golden altar of the Shining One.
    20 | D        | Found an iron altar of Okawaru.
    20 | D        | Found a bloodstained altar of Trog.
    20 | D        | Found a blossoming altar of Fedhas.
    20 | D        | Found a stormy altar of Qazlal.
    20 | D        | Found a white marble altar of Elyvilon.
    20 | D        | Found a glowing silver altar of Zin.
    20 | D        | Noticed a yak
    28 | D        | Killed a yak
    28 | D        | Reached skill level 5 in Stealth
    28 | D        | Reached skill level 6 in Shields
    28 | D        | Reached XP level 4. HP: 5/40 MP: 4/4
    28 | D        | Reached XP level 5. HP: 6/46 MP: 5/5
   319 | D        | Became a worshipper of Dithmenos the Shadowed
   325 | D        | Noticed an ogre
   328 | D        | Killed an ogre
   328 | D        | Reached skill level 5 in Polearms
   328 | D        | Reached skill level 7 in Shields
   328 | D        | Reached XP level 6. HP: 32/53 MP: 6/6
   450 | D        | Noticed Sigmund
   473 | D        | Killed Sigmund
   473 | D        | Reached * piety under Dithmenos
   473 | D        | Reached skill level 8 in Shields
   473 | D        | Reached XP level 7. HP: 25/61 MP: 7/7
   657 | D        | Found a deep blue altar of Sif Muna.
   657 | D        | Found a radiant altar of Vehumet.
   657 | D        | Found an ornate altar of the Wu Jian Council.
   680 | D        | Found a burning altar of Makhleb.
   680 | D        | Found a viscous altar of Jiyva.
   680 | D        | Found a shimmering altar of Xom.
   680 | D        | Found a corrupted altar of Lugonu.
   680 | D        | Noticed a slime creature
   688 | D        | Killed a slime creature
   688 | D        | Reached skill level 1 in Dodging
   688 | D        | Reached skill level 9 in Shields
   724 | D        | Killed a gargoyle
   891 | D        | Noticed a centaur warrior
   892 | D        | Noticed a centaur warrior
   922 | D        | Noticed a deep troll
   924 | D        | HP: 3/62 [centaur warrior/arrow (15)]
   925 | D        | Shot with an arrow by a centaur warrior

Vault maps used:
D:        dungeon_sprint_1

Skill      XL: |  1  2  3  4  5  6  7 |
---------------+----------------------+-----
Fighting       | 4 6 7 8 |  8.2
Armour         | 4 6 7 8 |  8.5
Stealth        | 3 5 6 7 8 |  8.2
Shields        | 4 6 7 8 9 |  9.1
Polearms       | 4 5 6 7 |  7.9
Dodging        | 1 |  1.0

Action                   |  1- 3 |  4- 6 |  7- 9 || total
-------------------------+-------+-------+-------++-------
Melee: Trident           |    11 |    19 |    17 ||    47
       Scythe            |       |       |     8 ||     8
 Abil: Dig               |     2 |     1 |     3 ||     6
  Use: Potion            |     1 |       |     3 ||     4
       Scroll            |       |       |     4 ||     4
 Stab: Sleeping          |       |       |     2 ||     2
Armor: Scale mail        |     1 |       |     5 ||     6
Dodge: Dodged            |     2 |     3 |     8 ||    13
Block: Shield            |     3 |     4 |    19 ||    26
